 Dungeon Crawl Stone Soup version 0.24-a0-462-ge24419a6ad (console) character file.

Game seed: 18385040639843697039

284 Lexodia the Sneak (level 6, 0/35 HPs)
             Began as a Vampire Enchanter on July 2, 2019.
             Slain by a worker ant (3 damage)
             ... on level 4 of the Dungeon.
             The game lasted 00:10:12 (2715 turns).

Lexodia the Sneak (Vampire Enchanter)               Turns: 2715, Time: 00:10:13

Health: 0/35       AC:  3    Str:  7    XL:     6   Next: 7%
Magic:  6/9        EV: 13    Int: 17    God:
Gold:   176        SH:  0    Dex: 17    Spells: 6/9 levels left

rFire    x . .     SeeInvis +   a - +1 dagger
rCold    + + +     Gourm    .   (no shield)
rNeg     + + +     Faith    .   b - +0 robe
rPois    ∞         Spirit   .   (no helmet)
rElec    .         Reflect  .   d - +0 cloak
rCorr    +         Harm     .   (no gloves)
MR       .....                  (no boots)
Stlth    +++++.....             (no amulet)
HPRegen  0.00/turn              g - ring of ice
MPRegen  0.11/turn              l - ring of resist corrosion

@: bloodless, regenerating quickly
A: no food, fangs 3, see invisible, unbreathing
a: Bat Form, Revivify


You were on level 4 of the Dungeon.
You were bloodless.

You visited 1 branch of the dungeon, and saw 4 of its levels.

You collected 176 gold pieces.

Inventory:

Hand Weapons
 a - a +1 dagger (weapon)
Armour
 b - a +0 robe (worn)
 d - a +0 cloak (worn)
Jewellery
 g - a ring of ice (left hand)
 l - a ring of resist corrosion (right hand)
Wands
 m - a wand of acid (7)
Scrolls
 c - 4 scrolls of identify {unknown}
 e - a scroll of fear {unknown}
 f - a scroll of remove curse {unknown}
 n - 2 scrolls of noise {unknown}
 o - 4 scrolls of enchant armour {unknown}
 r - a scroll of teleportation {unknown}
 s - a scroll of random uselessness {unknown}
Potions
 h - a potion of might {unknown}
 i - a potion of experience {unknown}
 j - a potion of curing {unknown}
 p - a potion of agility {unknown}
 q - a potion of flight {unknown}


   Skills:
 + Level 1.7 Fighting
 * Level 4.1 Short Blades
 - Level 2.1 Dodging
 + Level 5.9 Stealth
 - Level 2.0 Spellcasting
 + Level 5.7 Hexes
 - Level 2.0 Ice Magic


You had 6 spell levels left.
You knew the following spells:

 Your Spells              Type           Power        Failure   Level  Hunger
a - Corona                Hex            ###....      1%          1    N/A
b - Ensorcelled Hibernat  Hex/Ice        ###...       6%          2    N/A

Your spell library contained the following spells:

 Spells                   Type           Power        Failure   Level  Hunger
 Confuse                  Hex            ###.....     5%          3    N/A
 Tukima's Dance           Hex            ###.....     5%          3    N/A
 Dazzling Spray           Conj/Hex       ##....       19%         3    N/A

Dungeon Overview and Level Annotations

Branches:
Dungeon (4/15)
 Temple: D:4-7

Altars:
Ashenzari
Fedhas
Qazlal


Innate Abilities, Weirdness & Mutations

You do not eat.
You do not regenerate when monsters are visible.
You are frail without blood (-20% HP).
You are immune to poison.
You have razor-sharp teeth.
You have supernaturally acute eyesight. (SInv)
You can survive without breathing.


Message History

Damage: -6%(-2hp) hp: 26%(9hp)
You barely miss the worker ant.
The worker ant is almost dead.
The worker ant bites you.
* * * LOW HITPOINT WARNING * * *
Damage: -3%(-1hp) hp: 23%(8hp)
You closely miss the worker ant.
The worker ant is severely wounded.
The worker ant bites you.
* * * LOW HITPOINT WARNING * * *
Huge Dmg: -8%(-3hp) hp: 15%(5hp)
The worker ant barely misses you.
The leopard gecko hisses angrily.
The worker ant barely misses you.
You see here a war axe.
The leopard gecko bites you.
* * * LOW HITPOINT WARNING * * *
Huge Dmg: -6%(-2hp) hp: 9%(3hp)
The worker ant bites you.
You die...

####..###### ####..##
#....## ### #.####
##..# #)##########..#
#....>.#)....##
##........w....##
.#.....l.........#
#.......@a........#
#.................#
..............(....#
##..................#
...#.........†.....#
.......?..........##
.........#.....##
##........######
.....#.#.


You could see a worm, a worker ant and a leopard gecko.

Vanquished Creatures
  2 jellies (D:3)
  An iguana (D:4)
  A worker ant (D:4)
  A gnoll (D:3)
  6 adders
  7 oozes (D:3)
  An adder skeleton (D:3)
  3 dart slugs
  An orc (D:4)
  2 giant cockroaches
  9 hobgoblins
  7 jackals
  A quokka (D:2)
  8 bats
  5 frilled lizards
  7 goblins
  11 kobolds
  3 rats
76 creatures vanquished.

Vanquished Creatures (others)
  7 fungi (D:3)
  5 toadstools (D:3)
12 creatures vanquished.

Grand Total: 88 creatures vanquished

Notes
Turn   | Place    | Note
-------+----------+-------------------------------------------
     0 | D:1      | Lexodia the Vampire Enchanter began the quest for the Orb.
     0 | D:1      | Reached XP level 1. HP: 13/13 MP: 3/3
    30 | D:1      | Huge Dmg: 3 dmg
    97 | D:1      | Reached XP level 2. HP: 13/15 MP: 1/5
   101 | D:1      | Learned a level 2 spell: Ensorcelled Hibernation
   224 | D:1      | Huge Dmg: 5 dmg
   226 | D:1      | Huge Dmg: 2 dmg
   228 | D:1      | Huge Dmg: 1 dmg
   865 | D:2      | Found a shattered altar of Ashenzari.
   929 | D:2      | Reached XP level 3. HP: 20/20 MP: 6/6
  1000 | D:2      | Reached skill level 5 in Stealth
  1019 | D:2      | Huge Dmg: 4 dmg
  1036 | D:2      | Found a stormy altar of Qazlal.
  1081 | D:2      | Reached skill level 5 in Hexes
  1352 | D:2      | Reached skill level 1 in Ice Magic
  1382 | D:2      | Reached XP level 4. HP: 24/24 MP: 4/7
  1643 | D:3      | Found a faded altar of an unknown god.
  1794 | D:3      | Reached skill level 1 in Fighting
  1944 | D:3      | Found a blossoming altar of Fedhas.
  2035 | D:3      | Huge Dmg: 6 dmg
  2093 | D:3      | Huge Dmg: 6 dmg
  2175 | D:3      | Huge Dmg: 4 dmg
  2182 | D:3      | Reached XP level 5. HP: 14/29 MP: 5/8
  2194 | D:3      | Huge Dmg: 6 dmg
  2195 | D:3      | Huge Dmg: 2 dmg
  2196 | D:3      | Huge Dmg: 2 dmg
  2196 | D:3      | HP: 1/29 [ooze (3)]
  2197 | D:3      | Huge Dmg: 3 dmg
  2365 | D:3      | Huge Dmg: 13 dmg
  2369 | D:3      | Huge Dmg: 4 dmg
  2394 | D:3      | HP: 1/29 [gnoll/+0 halberd (7)]
  2396 | D:4      | Huge Dmg: 7 dmg
  2397 | D:4      | Reached XP level 6. HP: 7/35 MP: 3/9
  2700 | D:4      | Huge Dmg: 4 dmg
  2710 | D:4      | Huge Dmg: 3 dmg
  2715 | D:4      | Huge Dmg: 2 dmg
  2715 | D:4      | Slain by a worker ant

Levels and vault maps discovered:
D:1:      wander_arrival_fairy_ring, layout_basic
D:2:      layout_loops_corners, nicolae_overflow_hidden_temple,
          ashenzari_altar_1
D:3:      cheibrodos_fertilizer, layout_basic, overflow_temple_1_default,
          chequers_ecumenical_altar_simple, minmay_misc_feat_cross,
          minmay_misc_feat_rugged
D:4:      layout_rooms, chequers_temple_overflow_statue_of_worship,
          yredelemnul_altar_generic, zin_purify

Skill      XL: |  1  2  3  4  5 |
---------------+----------------+-----
Short Blades   | 2 3 4 |  4.1
Stealth        | 5 |  5.9
Hexes          | 5 |  5.7
Ice Magic      | 1 2 |  2.0
Fighting       | 1 |  1.7
Dodging        | |  2.1
Spellcasting   | |  2.0

Action                   |  1- 3 |  4- 6 || total
-------------------------+-------+-------++-------
Melee: Dagger            |    84 |   105 ||   189
       Bite              |       |    10 ||    10
 Cast: Corona            |     2 |     1 ||     3
       Ensorcelled Hiber |    13 |    25 ||    38
 Abil: Exsanguinate      |     1 |       ||     1
  Use: Potion            |       |     1 ||     1
 Stab: Sleeping          |    34 |    24 ||    58
       Distracted        |     1 |       ||     1
Armor: Robe              |    16 |    14 ||    30
Dodge: Dodged            |    42 |    77 ||   119

Table legend:
 A = Non-vault XP
 B = Vault XP
 C = Vault XP percentage of total XP
 D = Non-vault monster count
 E = Vault monster count
 F = Vault count percentage of total count
                 A         B        C        D         E       F
            +---------+---------+-------+---------+---------+-------
      Total |     264 |     143 |  35.1 |      61 |      15 |  19.7
            +---------+---------+-------+---------+---------+-------
        D:1 |      34 |       0 |   0.0 |      21 |       0 |   0.0
        D:2 |      87 |       0 |   0.0 |      22 |       0 |   0.0
        D:3 |      61 |     143 |  70.1 |      12 |      15 |  55.6
        D:4 |      82 |       0 |   0.0 |       6 |       0 |   0.0
            +---------+---------+-------+---------+---------+-------
